 Dungeon Crawl Stone Soup version 0.30-a0-381-g6ea064c7b4 (webtiles) character file.

Game seed: 15993611415853972086

50 ryw the Caller (level 3, 0/14 HPs)
             Began as a Felid Summoner on Dec 1, 2022.
             Slain by a gnoll
             ... wielding a +0 halberd
              (14 damage)
             ... on level 2 of the Dungeon.
             The game lasted 00:04:16 (2284 turns).

ryw the Caller (Felid Summoner)                     Turns: 2284, Time: 00:04:17

Health: 0/14       AC:  1    Str:  4    XL:     3   Next: 55%
Magic:  2/8        EV: 17    Int: 18    God:
Gold:   73         SH:  0    Dex: 16    Spells: 2/8 levels left
                                        Lives:  0   Deaths: 0

rFire   . . .      SeeInvis +    (weapon unavailable)
rCold   . . .      Faith    .    (shield unavailable)
rNeg    . . .      Spirit   .    (body armour unavailable)
rPois   .          Reflect  .    (helmet unavailable)
rElec   .          Harm     .    (cloak unavailable)
rCorr   .          Rampage  .    (gloves unavailable)
Will    .....                    (boots unavailable)
Stlth   ++........               (no amulet)
HPRegen 0.22/turn                (no ring)
MPRegen 0.11/turn                (no ring)

@: quick
A: very small, claws 1, fangs 3, see invisible, speed 1, shaggy fur 1, stealthy
paws, no weapons or thrown items, no armour, multi-lived
a: no special abilities


You were on level 2 of the Dungeon.
You visited 1 branch of the dungeon, and saw 2 of its levels.

You collected 73 gold pieces.

Inventory:

Scrolls
 b - 2 scrolls of identify {unknown}
 d - 3 scrolls of magic mapping {unknown}
 g - 2 scrolls of teleportation {unknown}
 h - a scroll of vulnerability {unknown}
Potions
 a - a potion of magic
 c - a potion of heal wounds {unknown}
 e - 3 potions of haste {unknown}
 f - a potion of lignification {unknown}
 i - a potion of attraction {unknown}


   Skills:
 - Level 2.6 Dodging
 - Level 2.6 Stealth
 + Level 3.0 Spellcasting
 + Level 4.7 Summonings


You had 2 spell levels left.
You knew the following spells:

 Your Spells              Type           Power      Damage    Failure   Level
a - Call Canine Familiar  Summ           19%        N/A       7%          3
b - Call Imp              Summ           19%        N/A       3%          2
c - Summon Small Mammal   Summ           76%        N/A       2%          1

Your spell library contained the following spells:

 Spells                   Type           Power      Damage    Failure   Level
 Summon Guardian Golem    Hex/Summ       11%        N/A       19%         3
 Summon Lightning Spire   Summ/Air       11%        N/A       52%         4


Dungeon Overview and Level Annotations

Branches:
Dungeon (2/15)

Altars:

Shops:
D:1 (   D:2 *


Innate Abilities, Weirdness & Mutations

You have sharp claws.
You have razor-sharp teeth.
You have supernaturally acute eyesight. (SInv)
You cover ground quickly. (Speed+)
You are covered in fur. (AC +1)
Your paws help you pounce on unaware monsters.
You are incapable of wielding weapons or throwing items.
You cannot wear armour.
You gain extra lives every three experience levels.


Message History

Confirm with . or Enter, or press ? or * to list all spells.
You don't have enough magic to cast this spell.
Casting: Call Imp (safe; 3% risk of failure)
Confirm with . or Enter, or press ? or * to list all spells.
You don't have enough magic to cast this spell.
The goblin shouts! x2
Your crimson imp blinks!
Your hound bites the goblin.
The goblin dies!
Your Spellcasting skill increases to level 3!
You closely miss the goblin. Your bite misses the goblin.
Your quokka bites the goblin.
The goblin dies!
No target in view!
No target in view!
No target in view!
HP restored.
Your crimson imp disappears in a puff of smoke!
Your quokka disappears in a puff of smoke!
Your hound disappears in a puff of smoke!
g - 2 scrolls labelled QOQANOLAAZO (gained 1)
You now have 54 gold pieces (gained 11).
You now have 73 gold pieces (gained 19).
You see here a rat skeleton. 2 gnolls come into view.
Casting: Call Imp (safe; 3% risk of failure)
Confirm with . or Enter, or press ? or * to list all spells.
The gnoll shouts! x2; You hear a shout!
A goblin comes into view. It is wielding a +0 dagger.
A gnoll comes into view. It is wielding a +0 club.
Casting: Call Canine Familiar (astonishingly dangerous; 7% risk of failure)
Confirm with . or Enter, or press ? or * to list all spells.
A beastly little devil appears in a puff of flame.
The goblin shouts!
A gnoll comes into view. It is wielding a +0 vorpal spear.
Casting: Call Imp (safe; 3% risk of failure)
Confirm with . or Enter, or press ? or * to list all spells.
The gnoll hits you from afar with a +0 halberd!
Ouch! That really hurt!
You die...

####.##...#.#.................
#..###....#...........†.....
#.####.#..#.................
#####.#......÷#........÷..#.....
##.........................###.##
...###..[..................# #..#
#####..#......r.######.....# #..#
#..#.######5.# ####### ##.)
#....# #h@# ##. #..### #...# #.
#.†# #.#.g. #. #..# #...#..# ##
...# ###.##.gg # .^.# .# ###. #
.. # #. # #


You could see 3 gnolls, a friendly hound (summoned), a friendly crimson imp
(summoned) and a friendly quokka (summoned).

Vanquished Creatures (collateral kills)
  A worm (D:2)
  A dart slug (D:2)
  6 ball pythons
  5 bats
  5 endoplasms
  2 giant cockroaches (D:1)
  2 hobgoblins
  4 jackals (D:2)
  4 kobolds
  2 quokkas (D:2)
  4 frilled lizards (D:1)
  4 goblins
  A rat (D:2)
41 creatures vanquished.

Vanquished Creatures (others)
  A fungus (D:2)
1 creature vanquished.

Grand Total: 42 creatures vanquished

Notes
Turn   | Place    | Note
-------+----------+-------------------------------------------
     0 | D:1      | ryw the Felid Summoner began the quest for the Orb.
     0 | D:1      | Reached XP level 1. HP: 7/7 MP: 4/4
   295 | D:1      | Found Qysinex's Weapon Emporium.
   351 | D:1      | Reached XP level 2. HP: 11/11 MP: 3/6
   354 | D:1      | Learned a level 2 spell: Call Imp
  1321 | D:2      | Found Aruixzis's General Store.
  1585 | D:2      | Reached XP level 3. HP: 14/14 MP: 2/8
  1589 | D:2      | Learned a level 3 spell: Call Canine Familiar
  1795 | D:2      | Found a faded altar of an unknown god.
  2284 | D:2      | Slain by a gnoll

Illustrated notes

Levels and vault maps discovered:
D:1:      dpeg_arrival_pits, layout_loops_ring, serial_shops,
          nicolae_shop_bloodbath_and_beyond, serial_rivers,
          chequers_serial_rivers_marsh, chequers_serial_rivers_small_b,
          chequers_serial_rivers_marsh, chequers_serial_rivers_marsh,
          chequers_serial_rivers_micro_d, amcnicky_mini_corridor_feature
D:2:      layout_rooms, serial_shops, nicolae_shop_waterfront,
          dreamdust_ecumenical_altar_grove

Skill      XL: |  1  2  3 |
---------------+----------+-----
Spellcasting   | 3 |  3.0
Dodging        | |  2.6
Stealth        | |  2.6
Summonings     | |  4.7

Action                   || total
-------------------------++-------
Melee: Unarmed           ||    22
 Cast: Summon Small Mamm ||    60
       Call Imp          ||    21
       Call Canine Famil ||     7
Armor: Skin              ||     1
Dodge: Dodged            ||    38

Table legend: (Time is in decaauts)
 A = Elapsed time spent in this place.
 B = Non-inter-level travel time spent in this place.
 C = Inter-level travel time spent in this place.
 D = Time resting spent in this place.
 E = Time spent auto-exploring this place.
 F = Levels seen in this place.
 G = Mean time per level.
                   A        B        C        D        E       F      G
               +--------+--------+--------+--------+--------+-----+--------+
         Total |   2091 |   2044 |     47 |     43 |   1601 |   2 | 1045.5 |
       Dungeon |   2091 |   2044 |     47 |     43 |   1601 |   2 | 1045.5 |
               +--------+--------+--------+--------+--------+-----+--------+

Top non-repeatable levels by time:
     D:1: 1273 daAuts
     D:2: 818 daAuts
